AoeStats
← SedateBeast

Arena

505204924Analyzed
4v4 RM · 25d ago on Sep 8, 2026· 42m 42s· 8 players
Game mode
Random Map
Map size
Large (8 player)
Population
200
Speed
Normal
Resources
Standard
Victory
Conquest
Starting age
Dark Age
Ending age
Imperial Age
RankedLock teamsTeams togetherTeam positionsShared explorationLock speedFull tech treeHidden civsTurbo modeCheats
Victory
Defeat
🇦🇺 Shu · Australia
940
+14
🇺🇸 Wei · United States
901
+16
🇦🇺 Franks · Australia
894
+16
🇦🇺 Ethiopians · Australia
858
+17
🇿🇦 Burgundians · South Africa
959
-48
🇿🇦 Poles · South Africa
902
-45
🇺🇸 Teutons · United States
861
-14
🇷🇴 Byzantines · Romania
855
-14
SIR DAGGY
10:34 Feudal Age
11:00 Double-Bit Axe
10:55 Horse Collar
17:28 Castle Age
15:35 Loom
17:03 Wheelbarrow
18:19 Bow Saw
18:11 Heavy Plow
20:12 Stone Mining
20:16 Gold Mining
22:27 Hand Cart
25:11 Stone Shaft Mining
25:52 Gold Shaft Mining
27:22 Ballistics
26:46 Treadmill Crane
30:43 Imperial Age
28:22 Scale Barding Armor
28:28 Forging
28:48 Tuntian
29:32 Chain Barding Armor
29:50 Bloodlines
29:40 Husbandry
30:28 Iron Casting
30:44 Heavy Hei Guang Cavalry
31:58 Ming Guang Armor
32:28 Conscription
35:52 Blast Furnace
40:22 Spies/Treason
GayBastard
12:05 Feudal Age
13:05 Double-Bit Axe
13:24 Gold Mining
14:23 Wheelbarrow
20:01 Castle Age
17:53 Fletching
18:12 Stone Mining
19:08 Padded Archer Armor
20:09 Crossbowman
21:02 Thumb Ring
22:34 Bow Saw
25:40 Bodkin Arrow
29:53 Hand Cart
30:15 Town Watch
33:10 Ballistics
37:35 Imperial Age
40:11 Chemistry
39:21 Bracer
Dank Stankums
6:53 Loom
11:02 Feudal Age
11:27 Horse Collar
11:33 Double-Bit Axe
18:08 Castle Age
18:07 Padded Archer Armor
17:58 Fletching
18:37 Crossbowman
19:16 Bodkin Arrow
19:29 Heavy Plow
20:11 Bow Saw
22:55 Squires
24:47 Wheelbarrow
25:10 Leather Archer Armor
25:37 Scale Mail Armor
27:35 Thumb Ring
28:49 Ballistics
30:48 Chain Mail Armor
30:43 Forging
35:57 Imperial Age
35:55 Iron Casting
36:19 Arbalester
39:02 Blast Furnace
38:05 Bracer
38:52 Hand Cart
40:40 Capped Ram
42:00 Arson
41:36 Halberdier
SedateBeast
10:56 Feudal Age
12:02 Loom
14:36 Double-Bit Axe
18:36 Castle Age
17:45 Forging
19:42 Bow Saw
19:55 Gold Mining
28:20 Husbandry
29:17 Squires
29:04 Arson
28:42 Pikeman
32:12 #83
32:47 Wheelbarrow
33:37 Scale Barding Armor
34:08 Iron Casting
38:07 Imperial Age
37:29 Chain Barding Armor
37:11 Scale Mail Armor
38:28 Capped Ram
40:47 Cavalier
AFK
12:19 Feudal Age
13:04 Horse Collar
13:11 Double-Bit Axe
15:05 Wheelbarrow
16:11 Stone Mining
20:34 Castle Age
22:13 Bow Saw
22:25 Heavy Plow
26:54 Gold Mining
27:41 Stone Shaft Mining
28:08 Scale Barding Armor
27:55 Fletching
28:15 Forging
29:37 Hand Cart
30:33 Chain Barding Armor
30:09 Bodkin Arrow
31:06 Caravan
31:03 Pikeman
31:29 Arson
31:46 Squires
33:03 Elite Skirmisher
38:47 Imperial Age
36:02 Loom
38:18 Iron Casting
Mihai11003Dan
9:47 Feudal Age
10:11 Horse Collar
10:18 Double-Bit Axe
11:12 Wheelbarrow
14:38 Gold Mining
16:38 Stone Mining
20:21 Castle Age
21:48 Heavy Plow
22:00 Bow Saw
26:13 Hand Cart
28:34 Scale Mail Armor
29:26 Gold Shaft Mining
29:32 Stone Shaft Mining
30:57 Scale Barding Armor
31:32 Chain Mail Armor
31:35 Caravan
32:05 Coinage
34:33 Imperial Age
32:42 Coinage
32:56 Forging
33:16 Chain Barding Armor
35:09 Iron Casting
34:37 Treadmill Crane
35:18 Ballistics
35:54 Conscription
36:39 Chemistry
36:11 Plate Mail Armor
36:16 Plate Barding Armor
37:10 Two-Man Saw
36:50 Crop Rotation
36:16 Elite Cataphract
37:15 Padded Archer Armor
37:05 Fletching
38:22 Plate Barding Armor
CrimsonSpire424
11:26 Feudal Age
15:11 Double-Bit Axe
21:50 Wheelbarrow
21:16 Town Watch
27:22 Castle Age
CastawayShip155
2:53 Wheelbarrow
2:03 Loom
16:18 Feudal Age
15:28 Horse Collar
17:10 Heavy Plow
17:28 Double-Bit Axe
18:45 Town Watch
19:21 Gold Mining
19:23 Stone Mining
21:40 Scale Barding Armor
21:38 Scale Mail Armor
21:49 Padded Archer Armor
23:28 Hand Cart
24:56 Bow Saw
29:08 Stone Shaft Mining
29:10 Gold Shaft Mining
37:06 Castle Age
Connection lost

Rejoining the realm…

Still unreachable

The connection could not be restored.

Session expired

The server has moved on; the page needs a fresh start.